 Dungeon Crawl Stone Soup version 0.29.1-12-g30fa7ad0bf (console) character file.

Game seed: 9834727440518891377

1647496 donbex the Minotaur Barricade (level 26, 40/266 HPs)
             Began as a Minotaur Fighter on Dec 28, 2022.
             Was an Elder of Okawaru.
             Escaped with the Orb
             ... and 3 runes on Jan 5, 2023!
             The game lasted 05:14:37 (70142 turns).

donbex the Minotaur Barricade (Minotaur Fighter)   Turns: 70142, Time: 05:14:37

Health: 40/266     AC: 57    Str: 35    XL:     26   Next: 6%
Magic:  30/30      EV:  9    Int:  9    God:    Okawaru [****..]
Gold:   8972       SH: 25    Dex: 12    Spells: 25/25 levels left

rFire   + + .      SeeInvis +   K - +8 war axe {drain, rF+ rCorr Str+4 Dex+4}
rCold   + . .      Faith    .   s - +1 tower shield "Tudiylao" {rElec}
rNeg    . . .      Spirit   .   a - +13 crystal plate armour of the Morning {Rampage rC+ Str+2}
rPois   +          Reflect  .   t - +1 hat of the Inquisitive Teeth {*Slow Str+2 SInv}
rElec   +          Harm     .   o - +1 cloak {Will+}
rCorr   +          Rampage  ∞   z - +2 pair of gloves
Will    +++..                   P - +3 pair of seven-league boots {Rampage+∞}
Stlth   ..........              F - amulet "Huhehor" {rElec Regen+}
HPRegen 1.34/turn               b - ring of willpower
MPRegen 0.22/turn               r - ring "Lisk" {rPois rF+ rCorr}

@: unable to drink
A: horns 2, retaliatory headbutt, clumsy 2, low MP 1, inability to drink after
injury 2, devolution 1
0: Orb of Zot
}: 3/15 runes: barnacled, silver, gossamer
a: Renounce Religion, Heroism, Finesse


You escaped.
You worshipped Okawaru.
Okawaru was greatly pleased with you.
You visited 11 branches of the dungeon, and saw 49 of its levels.
You also visited: Bailey and Gauntlet.

You collected 10384 gold pieces.
You spent 1412 gold pieces at shops.

Inventory:

Hand Weapons
 K - the +8 war axe "Gomping" (weapon) {drain, rF+ rCorr Str+4 Dex+4}
   (You took it off a deep elf elementalist on level 3 of the Elven Halls)

   A truly terrible weapon, it drains the life of any living foe it strikes.
   Str:       It affects your strength (+4).
   Dex:       It affects your dexterity (+4).
   rF:        It protects you from fire.
   rCorr:     It protects you from acid and corrosion.
 L - a +6 eveningstar of flaming
Missiles
 i - 46 boomerangs (quivered)
 m - 5 datura-tipped darts
 u - 2 atropa-tipped darts
 H - 10 javelins
 M - 23 silver javelins
 N - 10 silver boomerangs
 U - 8 boomerangs of dispersal
Armour
 a - the +13 crystal plate armour of the Morning (worn) {Rampage rC+ Str+2}
   (Okawaru gifted it to you on level 1 of the Shoals)

   Str:       It affects your strength (+2).
   rC:        It protects you from cold.
   Rampage:   It bestows one free step when moving towards enemies.
 j - the +4 plate armour of Okawaru's Grace {rPois Will+}
   (Okawaru gifted it to you on level 15 of the Dungeon)

   rPois:     It protects you from poison.
   Will:      It increases your willpower.
 o - a +1 cloak of willpower (worn)
 p - the +0 pair of boots of the Frog {rF+}
   (You found it on level 5 of the Vaults)

   rF:        It protects you from fire.
 s - the +1 tower shield "Tudiylao" (worn) {rElec}
   (Okawaru gifted it to you on level 2 of the Realm of Zot)

   rElec:     It insulates you from electricity.
 t - the +1 hat of the Inquisitive Teeth (worn) {*Slow Str+2 SInv}
   (Okawaru gifted it to you on level 5 of the Realm of Zot)

   Str:       It affects your strength (+2).
   SInv:      It lets you see invisible.
   *Slow:     It may slow you when you take damage.
 z - a +2 pair of gloves (worn)
 G - a scarf of repulsion
 P - the +3 pair of seven-league boots (worn) {Rampage+∞}
   (You found it on level 3 of the Elven Halls)

   Its wearer moves as far as possible in that direction when moving towards
   enemies.
Jewellery
 b - a ring of willpower (left hand)
 d - a ring of protection from cold
 l - a ring of fire
 q - a ring of flight
 r - the ring "Lisk" (right hand) {rPois rF+ rCorr}
   (You took it off a rakshasa on level 3 of the Depths)

   [ring of protection from fire]

   rF:        It protects you from fire.
   rPois:     It protects you from poison.
   rCorr:     It protects you from acid and corrosion.
 y - a +4 ring of slaying
 A - a ring of see invisible
 C - the macabre finger necklace {rN+}
   (You found it on level 3 of the Realm of Zot)

   [amulet of nothing]

   It enables you to equip an extra ring.
   rN:        It protects you from negative energy.
 F - the amulet "Huhehor" (around neck) {rElec Regen+}
   (You took it off a merfolk siren on level 4 of the Shoals)

   [amulet of regeneration]

   rElec:     It insulates you from electricity.
   Regen:     It increases your rate of health regeneration.
 O - a ring of poison resistance
 S - a ring of willpower
 V - a +6 ring of dexterity
 W - the ring of Xom's Ringing Laughter {Ice rN+ Will+ MP+9 Int+2 Dex+3}
   (You took it off Josephina on level 4 of the Realm of Zot)

   [ring of ice]

   It enhances your ice magic.
   Int:       It affects your intelligence (+2).
   Dex:       It affects your dexterity (+3).
   rF:        It makes you vulnerable to fire.
   rC:        It protects you from cold.
   rN:        It protects you from negative energy.
   MP:        It affects your magic capacity (+9).
   Will:      It increases your willpower.
Wands
 D - a wand of digging (10)
 Q - a wand of roots (21)
 T - a wand of quicksilver (35)
Scrolls
 g - a scroll of silence
 k - 8 scrolls of teleportation
 n - 12 scrolls of fear
 E - 3 scrolls of magic mapping
 R - a scroll of enchant weapon
 X - 9 scrolls of poison
Potions
 c - 12 potions of mutation
 e - 8 potions of haste
 f - 3 potions of resistance
 h - 6 potions of invisibility
 v - 7 potions of might
 w - 22 potions of curing
 x - 6 potions of flight
 B - 6 potions of cancellation
 I - 2 potions of heal wounds
 J - a potion of brilliance
 Z - 5 potions of ambrosia


   Skills:
 O Level 27 Fighting
 - Level 18.0(18.5) Axes
 - Level 7.8(14.0) Maces & Flails
 + Level 17.8 Throwing
 O Level 27 Armour
 O Level 27 Shields
 - Level 16.0 Invocations


You had 25 spell levels left.
You didn't know any spells.
Your spell library contained the following spells:

 Spells                   Type           Power      Damage    Failure   Level
 Apportation              Tloc           0%         N/A       86%         1
 Beastly Appendage        Tmut           0%         N/A       86%         1
 Foxfire                  Conj/Fire      0%         2x1d4     86%         1
 Magic Dart               Conj           0%         1d3       86%         1
 Necrotise                Necr           0%         1d4       86%         1
 Sandblast                Erth           0%         2d4       86%         1
 Shock                    Conj/Air       0%         1d3       86%         1
 Sting                    Tmut/Pois      0%         1d3       86%         1
 Blink                    Tloc           0%         N/A       95%         2
 Ensorcelled Hibernation  Hex/Ice        0%         N/A       95%         2
 Passwall                 Tmut/Erth      0%         N/A       95%         2
 Poisonous Vapours        Pois/Air       0%         N/A       95%         2
 Scorch                   Fire           0%         2d5       95%         2
 Searing Ray              Conj           0%         2d4       95%         2
 Static Discharge         Conj/Air       0%         3-3/arc   95%         2
 Sublimation of Blood     Necr           0%         N/A       95%         2
 Wereblood                Tmut           0%         N/A       95%         2
 Conjure Flame            Conj/Fire      0%         6-21      99%         3
 Dazzling Flash           Conj/Hex       0%         N/A       99%         3
 Gell's Gravitas          Tloc           0%         N/A       99%         3
 Ignite Poison            Fire/Tmut/Pois 0%         N/A       99%         3
 Lesser Beckoning         Tloc           0%         N/A       99%         3
 Mephitic Cloud           Conj/Pois/Air  0%         N/A       99%         3
 Ozocubu's Armour         Ice            0%         N/A       99%         3
 Spider Form              Tmut/Pois      0%         N/A       99%         3
 Stone Arrow              Conj/Erth      0%         3d7       99%         3
 Swiftness                Air            0%         N/A       99%         3
 Teleport Other           Tloc           0%         N/A       99%         3
 Airstrike                Air            0%         2d(0-16)  100%        4
 Anguish                  Hex/Necr       0%         N/A       100%        4
 Corpse Rot               Necr/Pois/Air  0%         N/A       100%        4
 Dispel Undead            Necr           0%         3d6       100%        4
 Flame Wave               Conj/Fire      0%         2d4       100%        4
 Fulminant Prism          Conj/Hex       0%         3d6       100%        4
 Hailstorm                Conj/Ice       0%         3d3       100%        4
 Leda's Liquefaction      Hex/Erth       0%         N/A       100%        4
 Olgreb's Toxic Radiance  Pois           0%         N/A       100%        4
 Passage of Golubria      Tloc           0%         N/A       100%        4
 Petrify                  Tmut/Erth      0%         N/A       100%        4
 Sticky Flame             Conj/Fire      0%         2d3       100%        4
 Agony                    Necr           0%         N/A       100%        5
 Alistair's Intoxication  Tmut/Pois      0%         N/A       100%        5
 Blade Hands              Tmut           0%         N/A       100%        5
 Borgnjor's Vile Clutch   Necr/Erth      0%         N/A       100%        5
 Fireball                 Conj/Fire      0%         3d3       100%        5
 Freezing Cloud           Conj/Ice/Air   0%         6-21      100%        5
 Irradiate                Conj/Tmut      0%         3d11      100%        5
 Iskenderun's Battlesphe  Conj           0%         2d6       100%        5
 Lee's Rapid Deconstruct  Erth           0%         3d5*      100%        5
 Manifold Assault         Tloc           0%         N/A       100%        5
 Silence                  Hex/Air        0%         N/A       100%        5
 Yara's Violent Unravell  Hex/Tmut       0%         3d3       100%        5
 Conjure Ball Lightning   Conj/Air       0%         3x3d6     100%        6
 Eringya's Noxious Bog    Tmut/Pois      0%         N/A       100%        6
 Iron Shot                Conj/Erth      0%         9d1       100%        6
 Starburst                Conj/Fire      0%         6d3       100%        6
 Statue Form              Tmut/Erth      0%         N/A       100%        6
 Dragon Form              Tmut           0%         N/A       100%        7
 Orb of Destruction       Conj           0%         9d5       100%        7
 Ozocubu's Refrigeration  Ice            0%         4d7       100%        7
 Storm Form               Tmut/Air       0%         N/A       100%        7
 Discord                  Hex            0%         N/A       100%        8
 Lehudib's Crystal Spear  Conj/Erth      0%         10d2      100%        8
 Maxwell's Capacitive Co  Air            0%         ∞         100%        8
 Chain Lightning          Conj/Air       0%         N/A       100%        9
 Fire Storm               Conj/Fire      0%         5d1       100%        9
 Shatter                  Erth           0%         3d5*      100%        9
 Summon Small Mammal      Summ           Unusable   N/A       N/A         1
 Summon Guardian Golem    Hex/Summ       Unusable   N/A       N/A         3
 Animate Armour           Summ/Erth      Unusable   N/A       N/A         4
 Summon Lightning Spire   Summ/Air       Unusable   N/A       N/A         4
 Summon Cactus Giant      Summ           Unusable   N/A       N/A         6
 Spellforged Servitor     Conj/Summ      Unusable   N/A       N/A         7
 Summon Hydra             Summ           Unusable   N/A       N/A         7

Dungeon Overview and Level Annotations

Branches:
Dungeon (15/15)            Temple (1/1) D:6            Lair (5/5) D:9
 Shoals (4/4) Lair:2       Spider (4/4) Lair:2        Slime (0/5) Lair:5
    Orc (2/2) D:12            Elf (3/3) Orc:2        Vaults (5/5) D:14
  Crypt (1/3) Vaults:3     Depths (4/4) D:15            Zot (5/5) Depths:4
 Bailey (visited)         Gauntlet (visited)

Altars:
Ashenzari
Cheibriados
Dithmenos
Elyvilon
Fedhas
Gozag
Hepliaklqana
Kikubaaqudgha
Makhleb
Nemelex Xobeh
Okawaru
Qazlal
Ru
Sif Muna
Trog
Uskayaw
Vehumet
Wu Jian
Xom
Yredelemnul
Zin
The Shining One
Jiyva

Shops:
D:8 *   D:10 =   D:12 [   Orc:1 *::(   Orc:2 [:[:   Elf:1 ![*(   Elf:2 *
Elf:3 (   Depths:2 *   Depths:4 :

Portals:
Hell: Depths:1 Depths:2 Depths:3 Depths:4
Abyss: Depths:3
Pandemonium: Depths:2
Ziggurat: Depths:3
Trove: D:10 (give +6 demon trident)


Innate Abilities, Weirdness & Mutations

You have a pair of horns on your head.
You reflexively headbutt those who attack you in melee.
You are very clumsy. (Dex -4)
Your magical capacity is low. (-10% MP)
You sometimes lose the ability to drink potions when taking damage.
You have hidden genetic defects.


Message History

You are engulfed in blazing flames.
You resist.
* * * LOW HITPOINT WARNING * * *
You are engulfed in blazing flames.
You resist.
You are engulfed in blazing flames.
You resist.
* * * LOW HITPOINT WARNING * * *
A fire vortex comes into view.
Really walk into that cloud of flame?
You are engulfed in blazing flames.
You resist.
* * * LOW HITPOINT WARNING * * *
Saluh is engulfed in blazing flames.
Saluh gestures at you. You block the iron shot. Saluh gestures at you.
A raging storm of fire appears!
The great blast of fire engulfs you!! You partially resist.
* * * LOW HITPOINT WARNING * * *
2 fire vortices come into view.
You are engulfed in blazing flames.
You resist.
The fire vortex moves out of view.
You are engulfed in blazing flames.
You resist.
* * * LOW HITPOINT WARNING * * *
You block the fire vortex's attack.
There is an open door here.
Which direction?
There isn't anything that you can close there!
There is an open door here.
You close the door.
You open the door. Saluh gestures at you.
A raging storm of fire appears!
The great blast of fire engulfs you!! You partially resist.
* * * LOW HITPOINT WARNING * * *
A fire vortex comes into view.
You close the door.
You are engulfed in blazing flames.
You resist.
You stride towards the fire vortex!
You slice the fire vortex!!
The fire vortex is severely damaged.
Really walk into that cloud of flame?
Okay, then.
You barely miss the fire vortex. You headbutt the fire vortex!
The fire vortex dissipates!
Saluh opens the door.
There is a staircase leading out of the dungeon here.
You have escaped!

#..#..# ##.......## ####.##### ##.#.# ##.......######.#####
#.....####.........######.......#####....###.........##........#
##.......+.........'##.............##......'.........'.÷.......##
#....####.........##...............##...###.........##.#...###.#
##.#.## ##.......##........⌠........#...# ##.......###.##..# #.#
#...## ##.....###.......⌠>⌠.......###.# ##.[...## #.###.###.#
###...### ##...## #........⌠........###.# ##...## #.# ##...##
#.......## ##'## #.................#...# ##'## #.#####..#
#........# #.# ##...............###### #.# #........# #........#
#.# ##.............## #.############.## ###...##.# #####.####
#####.......##### ###### ##..........# #.# #...##.#
#........###...####&####...###....# ##...#######.# #.# ######.#
#.#.....##.......##'##.......####.# #.....# #.# #.#
#.###.##....#.........#.#.........# #.# ##...#######.###.#
#.........###.........'.'.........# #.# ##..# #........(#
#####.###.# #.........#.#.........# #.#####..###.###.#####
#.###.####.......##&##.......## #............###.#
#........###...###...###...### #######.....)....# #####.####
######.....###### #.########## #.# #^.@°.# #.# ######.# ##...##
#.# #####......# ##### #.# #..........##### #####.#####
#.(............# ##.........### #.....##...###.#
#########.......#....##### ##.#........##.#
#.>.........#...#.♣..#...# #.#.###.....#.#
#.#########..............# #.#........##.##### #.#
#.#...#....#...# #.#######.###.....# #.# #.##.##.#####.## #.# #.#
#####.### #.# #.##.##.# #.# #.# #.# #......# #.# #.......#
#.##### #.# ##'## #.##.#.# #.# ####'#### #.....#
#####.######...###.##...## ##.## ##...## #####.#
#........##.....##.#.....# #.#.### ##.....## ####.####
#.#.#.##.#.......#.#.....# ##.##.######.......## ##.#.....#
#.....##...........#.A...#########.#.....##.....1...####.....##.#
#..................).............1.[......'.........'........##.#
#.....##...........###...#########........#.........####.....##.#
#.#..###.#.......#.....)## ####.....##.....>.## ##....##.#


You could see Saluh.

Vanquished Creatures
  A dread lich (Zot:5)
  3 ancient liches
  6 orbs of fire (Zot:5)
  A juggernaut (Depths:3)
  Josephina (Zot:4)
  Sojobo (Vaults:5)
  4 Killer Klowns (Zot:5)
  Bai Suzhen (Elf:3)
  10 golden dragons
  A caustic shrike (Depths:3)
  Jory (Vaults:2)
  2 curse toes
  Arachne (Spider:2)
  4 electric golems
  2 hellephants (Depths:2)
  23 tentacled monstrosities
  26 Orb Guardians
  A walking earthen tome (Depths:3)
  2 liches
  A walking frostbound tome (Depths:3)
  3 deep elf master archers (Elf:3)
  Asterion (Elf:3)
  8 quicksilver dragons
  2 deep elf blademasters
  3 titans
  2 krakens
  8 death cobs
  12 sphinxes
  Polyphemus (Shoals:3)
  9 tengu reavers
  Kirke (D:12)
  16 storm dragons
  4 draconian monks
  12 shadow dragons
  12 frost giants
  2 fire giants (Depths:3)
  2 emperor scorpions (Spider:4)
  19 vault wardens
  6 draconian scorchers
  Louise (Spider:2)
  5 deep elf sorcerers
  9 ghost moths
  An iron dragon (Depths:3)
  5 orc warlords
  6 draconian knights
  2 draconian stormcallers
  A curse skull (Crypt:1)
  5 deep elf elementalists
  7 draconian annihilators
  15 ironbound preservers
  3 spriggan defenders (Depths:3)
  3 draconian shifters
  2 ghouls (Crypt:1)
  37 very ugly things
  20 stone giants
  5 war gargoyles
  5 vampire knights
  15 black draconians
  Nessos (Lair:3)
  9 ironbound thunderhulks
  10 dire elephants
  5 deep elf demonologists (Elf:3)
  14 green draconians
  8 entropy weavers
  10 yellow draconians
  11 red draconians
  8 white draconians
  11 purple draconians
  10 spark wasps
  2 minotaurs
  9 deep elf annihilators
  A spectral kraken (Shoals:2)
  3 merfolk javelineers
  13 yaktaur captains
  5 merfolk impalers
  13 fire dragons
  11 ettins
  8 deep elf death magi
  A jiangshi (Crypt:1)
  A crystal guardian (Vaults:2)
  8 deep elf high priests
  3 boulder beetles
  8 great orbs of eyes
  4 peacekeepers
  10 hydras
  3 radroaches
  4 rakshasas
  A catoblepas (Shoals:3)
  12 ice dragons
  3 ogre magi
  46 vault guards
  2 alligator snapping turtles (Shoals:3)
  5 spriggan air magi
  4 merfolk avatars
  29 centaur warriors
  5 ghost crabs
  5 ironbound frosthearts
  10 two-headed ogres
  10 tengu warriors
  21 dancing weapons
  3 merfolk aquamancers
  13 satyrs (Shoals:4)
  3 vampire magi
  6 deep troll earth magi
  10 hell hogs
  2 death yaks
  6 deep troll shamans
  2 shock serpents (shapeshifter)
  5 spriggan berserkers
  4 orc high priests
  17 slime creatures
  Nergalle (D:12)
  13 hell knights
  13 deep elf knights
  3 spriggans (Depths:3)
  A shadow wraith (Vaults:4)
  An iron troll (Depths:1)
  2 skeletal warriors (D:15)
  5 fire crabs (D:13)
  8 sea snakes
  An anaconda zombie (Crypt:1)
  2 pharaoh ants
  45 deep trolls
  3 sun moths
  4 flayed ghosts
  A death drake (shapeshifter) (Depths:1)
  10 orb spiders
  8 harpies
  5 steelbarb worms
  4 glowing orange brains
  A bog body (Crypt:1)
  20 ironbound convokers
  4 lindwurms
  11 phantasmal warriors
  7 wizards
  32 orc knights
  6 necromancers
  A lindwurm (shapeshifter) (Vaults:5)
  14 deep elf archers
  31 deep elf zephyrmancers
  25 deep elf pyromancers
  A tengu skeleton (D:15)
  16 manticores
  6 orc sorcerers
  52 ugly things
  A shadow dragon skeleton (D:15)
  A salamander (Lair:3)
  10 fauns
  13 wolf spiders
  A cyclops (shapeshifter) (D:13)
  5 merfolk sirens
  7 cyclopes
  A black mamba (shapeshifter) (Vaults:3)
  11 elephants
  29 moths of wrath
  5 black mambas
  13 vault sentinels
  An apocalypse crab (D:13)
  A storm dragon simulacrum (Zot:4)
  Joseph (D:8)
  5 torpor snails
  4 water nymphs
  Psyche (D:8)
  12 cane toads
  2 efreet
  A centaur skeleton (Crypt:1)
  A minotaur zombie (Crypt:1)
  A hellion (D:1)
  9 freezing wraiths
  2 kobold demonologists
  7 demonic crawlers
  6 komodo dragons
  3 rime drakes
  2 komodo dragons (shapeshifter)
  5 tengu conjurers
  A rime drake (shapeshifter) (D:14)
  18 yaktaurs
  A spectral water nymph (Shoals:2)
  2 spectral merfolk (Shoals:2)
  8 trolls
  40 merfolk
  5 polar bears
  A tarantella (shapeshifter) (Vaults:5)
  A tyrant leech (Lair:4)
  A shadow dragon simulacrum (Zot:4)
  3 meliai (D:14)
  A troll (shapeshifter) (Elf:3)
  12 tarantellas
  7 wind drakes
  A moth of wrath zombie (Crypt:1)
  An ettin zombie (D:15)
  10 hornets
  12 blink frogs
  A draconian simulacrum (Zot:4)
  2 raiju (Gauntlet)
  11 snapping turtles
  7 dream sheep
  A jumping spider (shapeshifter) (Vaults:5)
  A snapping turtle (shapeshifter) (Elf:3)
  12 air elementals
  8 jumping spiders
  A centaur simulacrum (D:15)
  2 culicivoras (shapeshifter)
  A spriggan (shapeshifter) (Elf:3)
  2 wraiths
  14 water elementals
  5 wyverns
  12 culicivoras
  2 shadows
  2 basilisks
  47 yaks
  7 fire elementals
  4 hogs (D:12)
  A redback (shapeshifter) (Vaults:5)
  3 fire bats (Gauntlet)
  A steam dragon (Lair:5)
  A human (shapeshifter) (D:14)
  50 redbacks
  A glowing shapeshifter zombie (D:15)
  A harpy simulacrum (Crypt:1)
  2 vampire mosquitoes (D:14)
  3 swamp worms (Lair:4)
  6 wargs
  4 acid dragons
  19 water moccasins
  An acid dragon (shapeshifter) (Depths:3)
  3 hell hounds (Gauntlet)
  A spectral snapping turtle (Shoals:2)
  45 orc warriors
  A sky beast (D:6)
  5 black bears
  15 wolves
  5 boggarts (D:15)
  13 ogres
  13 centaurs
  2 phantoms
  3 kobold brigands
  2 gnoll sergeants
  7 bullfrogs
  2 earth elementals
  5 necrophages
  5 scorpions
  10 wights (D:8)
  A queen bee zombie (Crypt:1)
  3 howler monkeys (D:10)
  6 electric eels
  4 hounds (D:5)
  Crazy Yiuf (D:2)
  36 orc priests
  A jelly (D:8)
  Ijyb (D:2)
  Natasha (thrice) (D:3)
  Terence (D:3)
  6 hell rats (Lair:5)
  An iguana (D:4)
  A lightning spire (Gauntlet)
  35 orc wizards
  A boggart simulacrum (D:15)
  18 gnolls
  9 adders
  A shadow imp (D:6)
  A white imp (D:8)
  A worm (D:3)
  2 dart slugs
  97 orcs
  9 ball pythons
  9 endoplasms
  2 giant cockroaches
  14 goblins
  16 hobgoblins
  3 bats
  6 frilled lizards
  11 kobolds
  4 rats
  2 fire vortices (D:1)
  10 tentacles
2121 creatures vanquished.

Vanquished Creatures (others)
  A sixfirhy (D:1)
  An orb spider (Spider:4)
  2 deep elf zephyrmancers (Elf:1)
  3 deep elf pyromancers
  A merfolk (Shoals:4)
  A shadow dragon simulacrum (Zot:4)
  A tarantella (Spider:1)
  An orc wizard (Orc:2)
  A bush (Lair:5)
  37 fungi
  84 plants
  24 tentacles
  15 withered plants
172 creatures vanquished.

Grand Total: 2293 creatures vanquished

Notes
Turn   | Place    | Note
-------+----------+-------------------------------------------
     0 | D:1      | donbex the Minotaur Fighter began the quest for the Orb.
     0 | D:1      | Reached XP level 1. HP: 19/19 MP: 0/0
   439 | D:1      | Reached XP level 2. HP: 25/27 MP: 1/1
  1353 | D:2      | Reached XP level 3. HP: 25/33 MP: 2/2
  1628 | D:2      | Found the +6 shillelagh "Devastator" {shatter}
  1635 | D:2      | Found a runed translucent door.
  1646 | D:2      | Noticed Crazy Yiuf
  1652 | D:2      | Killed Crazy Yiuf
  1653 | D:2      | Reached XP level 4. HP: 40/40 MP: 3/3
  1997 | D:3      | Noticed Terence
  1997 | D:3      | Noticed Ijyb
  1997 | D:3      | Noticed Natasha
  2283 | D:2      | Killed Ijyb
  2535 | D:3      | Reached XP level 5. HP: 31/47 MP: 4/4
  2840 | D:3      | Killed Terence
  2864 | D:3      | Killed Natasha
  2865 | D:3      | Reached skill level 5 in Axes
  2961 | D:3      | Reached XP level 6. HP: 55/55 MP: 5/5
  3021 | D:3      | Noticed Natasha
  3031 | D:3      | Killed Natasha
  3072 | D:3      | Noticed Natasha
  3083 | D:3      | Killed Natasha
  3084 | D:3      | Reached skill level 5 in Fighting
  3084 | D:3      | Reached skill level 5 in Shields
  3300 | D:4      | Reached skill level 5 in Armour
  3579 | D:4      | Reached XP level 7. HP: 61/61 MP: 6/6
  3939 | D:4      | Found a radiant altar of Vehumet.
  4037 | D:5      | Entered Level 5 of the Dungeon
  4280 | D:5      | Reached XP level 8. HP: 70/70 MP: 7/7
  4510 | D:5      | Found an ancient bone altar of Kikubaaqudgha.
  4510 | D:5      | Found a burning altar of Makhleb.
  4921 | D:6      | Found a staircase to the Ecumenical Temple.
  4945 | Temple   | Entered the Ecumenical Temple
  4970 | Temple   | Became a worshipper of Warmaster Okawaru
  5182 | D:6      | Found a glowing silver altar of Zin.
  5770 | D:7      | Reached * piety under Okawaru
  5779 | D:7      | Reached XP level 9. HP: 61/79 MP: 8/8
  5854 | D:7      | Found a flagged portal.
  5871 | Bailey   | Entered a bailey
  5935 | Bailey   | Noticed an orc high priest
  5940 | Bailey   | Noticed an ice devil
  5942 | Bailey   | Killed an orc high priest
  5942 | Bailey   | Reached ** piety under Okawaru
  5943 | Bailey   | Reached skill level 10 in Axes
  5979 | Bailey   | Found an iron altar of Okawaru.
  5979 | Bailey   | Noticed a kobold demonologist
  5987 | Bailey   | Killed a kobold demonologist
  6096 | Bailey   | Noticed an orc knight
  6106 | Bailey   | Killed an orc knight
  6106 | Bailey   | Reached *** piety under Okawaru
  6115 | Bailey   | Reached XP level 10. HP: 50/90 MP: 7/9
  6207 | Bailey   | Noticed an orc knight
  6216 | Bailey   | Killed an orc knight
  6813 | Bailey   | Noticed an orc knight
  6824 | Bailey   | Killed an orc knight
  6824 | Bailey   | Reached **** piety under Okawaru
  7807 | D:8      | Noticed Joseph
  7815 | D:8      | Killed Joseph
  7883 | D:8      | Noticed Psyche
  7904 | D:8      | Killed Psyche
  7932 | D:8      | Found a hide-covered altar of Uskayaw.
  8148 | D:8      | Identified the +8 rapier of Ekukith {vorpal, rF+ Int+4
                  | SInv}
  8167 | D:8      | Reached ***** piety under Okawaru
  8451 | D:8      | Found a stormy altar of Qazlal.
  8480 | D:8      | Found Detuvial's Neck Hole.
  8980 | D:9      | Found a staircase to the Lair.
  9149 | D:9      | Reached XP level 11. HP: 99/99 MP: 7/10
  9155 | D:9      | Reached skill level 10 in Shields
  9157 | D:9      | Reached skill level 10 in Fighting
  9263 | D:9      | Identified the +8 long sword "Foybuuc" {vorpal, rN+ Str+6}
  9342 | Lair:1   | Entered Level 1 of the Lair of Beasts
  9348 | Lair:1   | Reached skill level 10 in Armour
  9517 | Lair:1   | Found a gate leading to a gauntlet.
  9526 | Gauntlet | Entered a Gauntlet
  9526 | Gauntlet | Found a transporter.
  9526 | Gauntlet | Found a transporter.
  9532 | Gauntlet | Noticed a necromancer
  9614 | Gauntlet | Found a runed translucent door.
  9616 | Gauntlet | Found a transporter.
  9618 | Gauntlet | Found a runed translucent door.
  9619 | Gauntlet | Found a transporter.
  9622 | Gauntlet | Found a transporter.
  9649 | Gauntlet | Noticed a hell hog
  9653 | Gauntlet | Found a transporter.
  9655 | Gauntlet | Found a transporter.
  9655 | Gauntlet | Found a transporter.
  9656 | Gauntlet | Found a transporter.
  9658 | Gauntlet | Noticed a thrashing horror
  9666 | Gauntlet | Noticed a thrashing horror
  9670 | Gauntlet | Found a transporter.
  9683 | Gauntlet | Found a transporter.
  9693 | Gauntlet | Found a transporter.
  9707 | Gauntlet | Found a transporter.
  9727 | Gauntlet | Found a transporter.
  9885 | Gauntlet | Killed a hell hog
  9885 | Gauntlet | Reached ****** piety under Okawaru
 10050 | Gauntlet | Identified the +1 plate armour of Kebaru {rPois Str+4
                  | Dex+2}
 10108 | Gauntlet | Identified the +2 hand axe of Tenacity {freeze, rF+ rC+
                  | Will-} (Okawaru gifted it to you in a Gauntlet)
 10108 | Gauntlet | Received a gift from Okawaru
 10218 | Gauntlet | Noticed a minotaur
 10224 | Gauntlet | Killed a minotaur
 10321 | Lair:1   | Reached skill level 1 in Invocations
 11301 | Lair:2   | Noticed a boulder beetle
 11376 | Lair:2   | Killed a boulder beetle
 11377 | Lair:2   | Reached XP level 12. HP: 16/110 MP: 9/12
 11813 | Lair:2   | Reached skill level 15 in Axes
 11877 | Lair:2   | Received a gift from Okawaru
 12103 | Lair:2   | Noticed a boulder beetle
 12132 | Lair:2   | Killed a boulder beetle
 12563 | Lair:2   | Found a staircase to the Shoals.
 12832 | Lair:2   | Found a hole to the Spider Nest.
 13154 | Lair:3   | Noticed a five-headed hydra
 13199 | Lair:3   | Killed a five-headed hydra
 13249 | Lair:3   | Noticed a seven-headed hydra
 13258 | Lair:3   | Killed a seven-headed hydra
 13381 | Lair:3   | Noticed Nessos
 13383 | Lair:3   | Paralysed by Nessos for 5 turns
 13402 | Lair:3   | Killed Nessos
 13796 | Lair:3   | Identified the +1 crystal plate armour "Jyacasysi" {rC+}
                  | (Okawaru gifted it to you on level 3 of the Lair of Beasts)
 13796 | Lair:3   | Received a gift from Okawaru
 13817 | Lair:3   | Reached XP level 13. HP: 117/118 MP: 15/15
 14550 | Lair:4   | Reached skill level 5 in Invocations
 15467 | Lair:4   | Identified the +8 quarterstaff of Twilight {pain, rC+ rCorr
                  | Dex+2}
 15629 | Lair:5   | Entered Level 5 of the Lair of Beasts
 16396 | Lair:5   | Noticed a dire elephant
 16519 | D:10     | Entered Level 10 of the Dungeon
 16554 | D:10     | Received a gift from Okawaru
 16746 | D:10     | Got the Secrets of Sand
 16779 | D:10     | Reached skill level 1 in Throwing
 16844 | D:10     | Identified the +9 long sword of the Yoke {freeze, Fly Int+4
                  | Dex+4} (Okawaru gifted it to you on level 10 of the
                  | Dungeon)
 16844 | D:10     | Received a gift from Okawaru
 16891 | D:10     | Found Efy Xeuf's Jewellery Boutique.
 17116 | D:10     | You fall into a shaft and drop 2 floors!
 18450 | D:10     | Found a hazy altar of Hepliaklqana.
 18558 | D:10     | Found an ornate altar of the Wu Jian Council.
 18558 | D:10     | Found a faded altar of an unknown god.
 18564 | D:10     | Found a faded altar of an unknown god.
 18566 | D:10     | Found a blossoming altar of Fedhas.
 18568 | D:10     | Found a glowing golden altar of the Shining One.
 18680 | D:10     | Got the Grimoire of Plaster Cramp
 18687 | D:10     | Got Kumafurch's Cyclopedia of Combed Thunderclap
 18766 | D:10     | Found a portal to a secret trove of treasure.
 18967 | D:12     | Noticed Nergalle
 18978 | D:12     | Killed Nergalle
 19191 | D:12     | Found a staircase to the Orcish Mines.
 19806 | D:12     | Found Cheibriados's Comfort Zone.
 19806 | D:12     | Found a snail-covered altar of Cheibriados.
 19821 | D:12     | Reached XP level 14. HP: 84/125 MP: 16/16
 20042 | D:12     | Noticed Kirke
 20044 | D:12     | Received a gift from Okawaru
 20056 | D:12     | Killed Kirke
 20057 | D:12     | Reached skill level 1 in Maces & Flails
 21330 | D:13     | Found a runed translucent door.
 21648 | D:13     | Received a gift from Okawaru
 21944 | D:13     | Identified the +4 ring mail "Fiphaoxt" {MP+9} (Okawaru
                  | gifted it to you on level 13 of the Dungeon)
 21944 | D:13     | Received a gift from Okawaru
 22847 | D:14     | Found an iron altar of Okawaru.
 23628 | D:14     | Reached skill level 5 in Maces & Flails
 23712 | D:14     | Reached skill level 5 in Throwing
 24754 | D:14     | Found a gate to the Vaults.
 24924 | D:15     | Entered Level 15 of the Dungeon
 25862 | D:15     | Reached XP level 15. HP: 139/139 MP: 18/18
 26339 | D:15     | Found a staircase to the Depths.
 26396 | D:15     | Identified the +4 plate armour of Okawaru's Grace {rPois
                  | Will+} (Okawaru gifted it to you on level 15 of the
                  | Dungeon)
 26396 | D:15     | Received a gift from Okawaru
 26947 | D:15     | Identified the +0 leather armour of Lilacs {Fly}
 27245 | Orc:1    | Entered Level 1 of the Orcish Mines
 27252 | Orc:1    | Found Soshror's Book Emporium.
 27283 | Orc:1    | You fall into a shaft and drop 1 floor!
 27283 | Orc:2    | Entered Level 2 of the Orcish Mines
 27324 | Orc:2    | Noticed an orc warlord
 27474 | Orc:1    | Found Wyudgh Vacu's Assorted Antiques.
 27520 | Orc:1    | Bought a potion of curing for 87 gold pieces
 27520 | Orc:1    | Bought a metallic golden potion for 26 gold pieces
 27587 | Orc:1    | Found Yfues's Antique Weapon Shop.
 27654 | Orc:1    | Found Raekiymo's Book Emporium.
 27692 | Orc:1    | Reached skill level 15 in Shields
 27718 | Orc:1    | Reached skill level 15 in Armour
 27739 | Orc:1    | Reached skill level 15 in Fighting
 27756 | Orc:1    | HP: 1/141 [orc knight/+2 great mace of protection (20)]
 29103 | Orc:2    | Killed an orc warlord
 29141 | Orc:2    | Found Beafret's Armour Shoppe.
 29141 | Orc:2    | Found Hoquez's Antique Armour Emporium.
 29171 | Orc:2    | Found Warhos's Book Emporium.
 29173 | Orc:2    | Found Ullem's Book Shoppe.
 29436 | Orc:2    | Found a staircase to the Elven Halls.
 29750 | D:8      | Bought an amulet of regeneration for 360 gold pieces
 29808 | Lair:1   | Acquired 1045 gold pieces
 30234 | Lair:5   | Found a staircase to the Slime Pits.
 30236 | Lair:5   | Found a viscous altar of Jiyva.
 30265 | Lair:5   | Identified the +3 broad axe of Tender Mercy {venom, rF- rC+
                  | SInv}
 30987 | Spider:1 | Entered Level 1 of the Spider Nest
 31006 | Lair:2   | Received a gift from Okawaru
 31241 | Spider:1 | Identified the +5 trident "Vanlyoh" {venom, rF+ rC- rCorr}
 31287 | Spider:1 | Reached XP level 16. HP: 151/151 MP: 20/20
 31434 | Spider:1 | Received a gift from Okawaru
 32521 | Spider:2 | Received a gift from Okawaru
 32649 | Spider:2 | Noticed Arachne
 32673 | Spider:2 | Killed Arachne
 32884 | Spider:2 | Noticed Louise
 32903 | Spider:2 | Killed Louise
 34326 | Spider:4 | Entered Level 4 of the Spider Nest
 35860 | Spider:4 | Received a gift from Okawaru
 36241 | Spider:4 | Got a gossamer rune of Zot
 36765 | Shoals:1 | Entered Level 1 of the Shoals
 37130 | Shoals:1 | Identified the +13 crystal plate armour of the Morning
                  | {Rampage rC+ Str+2} (Okawaru gifted it to you on level 1 of
                  | the Shoals)
 37130 | Shoals:1 | Received a gift from Okawaru
 37253 | Shoals:1 | Identified the +4 chain mail of Sin {Regen+ Slay+3}
 37271 | Shoals:1 | Reached XP level 17. HP: 100/161 MP: 22/22
 37617 | Shoals:1 | Noticed a kraken
 37638 | Shoals:1 | Killed a kraken
 39289 | Shoals:3 | Noticed Polyphemus
 39466 | Shoals:3 | Killed Polyphemus
 39844 | Shoals:3 | Noticed a kraken
 39897 | Shoals:3 | Killed a kraken
 40540 | Shoals:4 | Entered Level 4 of the Shoals
 40675 | Shoals:3 | Received a gift from Okawaru
 41166 | Shoals:4 | Received a gift from Okawaru
 41221 | Shoals:4 | Got the Papyrus of the Caves
 41345 | Shoals:4 | Identified the amulet "Huhehor" {rElec Regen+}
 41367 | Shoals:4 | Received a gift from Okawaru
 41510 | Shoals:4 | Received a gift from Okawaru
 41647 | Shoals:4 | Found the +7 sceptre of Torment {pain, torment}
 41682 | Shoals:4 | Received a gift from Okawaru
 41683 | Shoals:4 | Reached skill level 10 in Throwing
 41693 | Shoals:4 | Reached XP level 18. HP: 83/173 MP: 16/23
 41920 | Shoals:4 | Got a barnacled rune of Zot
 42476 | Elf:1    | Entered Level 1 of the Elven Halls
 42480 | Elf:1    | Paralysed by an air elemental for 1 turns
 42487 | Elf:1    | Paralysed by an air elemental for 1 turns
 42502 | Orc:2    | Received a gift from Okawaru
 42738 | Elf:1    | Paralysed by an air elemental for 1 turns
 42828 | Elf:1    | Found Ustuk's Distillery.
 42830 | Elf:1    | Found Posmief's General Store.
 42830 | Elf:1    | Found Akus's Antique Armour Shoppe.
 42867 | Elf:1    | Bought a potion of curing for 54 gold pieces
 42867 | Elf:1    | Bought a potion of might for 72 gold pieces
 42867 | Elf:1    | Bought a potion of haste for 180 gold pieces
 42867 | Elf:1    | Bought a potion of curing for 54 gold pieces
 42867 | Elf:1    | Bought a potion of haste for 180 gold pieces
 42867 | Elf:1    | Found Qeutut's Weapon Emporium.
 42882 | Elf:1    | Bought a potion of might for 48 gold pieces
 42882 | Elf:1    | Bought a potion of haste for 120 gold pieces
 43119 | Elf:1    | Got Xocagorph's Quarto of the Barrage
 43657 | Elf:2    | Paralysed by an air elemental for 1 turns
 43704 | Elf:2    | Paralysed by an air elemental for 1 turns
 43709 | Elf:1    | Paralysed by an air elemental for 1 turns
 43853 | Elf:2    | Found Peon's General Store.
 44008 | Elf:2    | Paralysed by an air elemental for 1 turns
 44148 | Elf:2    | Found a runed translucent gate.
 44148 | Elf:2    | Found a runed translucent gate.
 44159 | Elf:2    | Found a runed translucent gate.
 44389 | Elf:2    | Received a gift from Okawaru
 44802 | Elf:2    | Identified the +10 plate armour of Wuab {+Inv Int-5 Slay+3}
                  | (Okawaru gifted it to you on level 2 of the Elven Halls)
 44802 | Elf:2    | Received a gift from Okawaru
 45427 | Elf:3    | Entered Level 3 of the Elven Halls
 45435 | Elf:3    | Found Gurumm's Weapon Boutique.
 46309 | Elf:2    | Reached XP level 19. HP: 176/177 MP: 24/24
 46626 | Elf:3    | Identified the +7 war axe of Doom {elec, Dex+7}
 46626 | Elf:3    | Identified the +0 storm dragon scales "Golugy" {Contam
                  | rElec rN++}
 46743 | Elf:3    | Identified the +8 dire flail of the Twisting Gods {freeze,
                  | rPois}
 46747 | Elf:3    | Identified the +8 war axe "Gomping" {drain, rF+ rCorr Str+4
                  | Dex+4}
 46762 | Elf:3    | Identified the +5 rapier "Toetivvo" {elec, rPois}
 46763 | Elf:3    | Identified the +4 robe of Vexation {rElec rC- Int+8}
                  | (Okawaru gifted it to you on level 3 of the Elven Halls)
 46763 | Elf:3    | Received a gift from Okawaru
 46784 | Elf:3    | Noticed a Tzitzimitl
 46900 | Elf:3    | Noticed Asterion
 47085 | Elf:3    | Killed Asterion
 47433 | Elf:3    | Found the +3 pair of seven-league boots {Rampage+∞}
 47440 | Elf:3    | Got the Cyclopedia of Permutations and Ensorcelling
 47563 | Elf:3    | Paralysed by an air elemental for 1 turns
 47567 | Elf:3    | Paralysed by an air elemental for 1 turns
 47571 | Elf:3    | Reached skill level 10 in Invocations
 47610 | Elf:3    | Noticed Bai Suzhen
 47635 | Elf:3    | Killed Bai Suzhen
 47910 | Vaults:1 | Entered Level 1 of the Vaults
 48781 | Vaults:1 | Received a gift from Okawaru
 49117 | Vaults:1 | Received a gift from Okawaru
 49295 | Vaults:2 | Reached XP level 20. HP: 130/198 MP: 24/26
 49490 | Vaults:2 | Received a gift from Okawaru
 49591 | Vaults:2 | Noticed Jory
 49616 | Vaults:2 | Killed Jory
 49783 | Vaults:2 | Received a gift from Okawaru
 50624 | Vaults:3 | Identified the +3 crystal plate armour "Azooqe" {Dex+4}
                  | (Okawaru gifted it to you on level 3 of the Vaults)
 50624 | Vaults:3 | Received a gift from Okawaru
 50820 | Vaults:3 | Found a huge runed gate.
 50820 | Vaults:3 | Found a huge runed gate.
 50820 | Vaults:3 | Found a huge runed gate.
 50820 | Vaults:3 | Found a huge runed gate.
 50820 | Vaults:3 | Found a huge runed gate.
 50820 | Vaults:3 | Found a huge runed gate.
 50821 | Vaults:3 | Found a huge runed gate.
 50821 | Vaults:3 | Found a huge runed gate.
 50835 | Vaults:3 | Found a huge runed gate.
 50835 | Vaults:3 | Found a huge runed gate.
 50838 | Vaults:3 | Found a huge runed gate.
 50838 | Vaults:3 | Found a huge runed gate.
 50838 | Vaults:3 | Found a huge runed gate.
 50838 | Vaults:3 | Found a huge runed gate.
 50838 | Vaults:3 | Found a huge runed gate.
 50838 | Vaults:3 | Found a huge runed gate.
 50838 | Vaults:3 | Found a huge runed gate.
 50839 | Vaults:3 | Found a huge runed gate.
 50840 | Vaults:3 | Found a huge runed gate.
 50845 | Vaults:3 | Found a staircase to the Crypt.
 50967 | Vaults:3 | Found a huge runed gate.
 50967 | Vaults:3 | Found a huge runed gate.
 50967 | Vaults:3 | Found a huge runed gate.
 50967 | Vaults:3 | Found a huge runed gate.
 50967 | Vaults:3 | Found a huge runed gate.
 50967 | Vaults:3 | Found a huge runed gate.
 50968 | Vaults:3 | Found a huge runed gate.
 50969 | Vaults:3 | Found a huge runed gate.
 50970 | Vaults:3 | Found a huge runed gate.
 50978 | Vaults:3 | Found a huge runed gate.
 50978 | Vaults:3 | Found a huge runed gate.
 50978 | Vaults:3 | Found a huge runed gate.
 50978 | Vaults:3 | Found a huge runed gate.
 50978 | Vaults:3 | Found a huge runed gate.
 50978 | Vaults:3 | Found a huge runed gate.
 50979 | Vaults:3 | Found a huge runed gate.
 50980 | Vaults:3 | Found a huge runed gate.
 51908 | Vaults:3 | Got the Compendium of Malediction
 51978 | Crypt:1  | Entered Level 1 of the Crypt
 52168 | Crypt:1  | Reached XP level 21. HP: 209/209 MP: 27/27
 52519 | Vaults:4 | Received a gift from Okawaru
 52662 | Vaults:4 | Received a gift from Okawaru
 53442 | Vaults:4 | Received a gift from Okawaru
 53557 | Vaults:4 | Identified the +10 great mace "Widowmaker" {spect, Int+3}
 53756 | Vaults:5 | Entered Level 5 of the Vaults
 53756 | Vaults:5 | Noticed Sojobo
 53792 | Vaults:5 | Killed Sojobo
 53799 | Vaults:5 | Identified the +0 pair of gloves of Raelolap {Str+4 Dex+4
                  | SInv} (Okawaru gifted it to you on level 5 of the Vaults)
 53799 | Vaults:5 | Received a gift from Okawaru
 54036 | Vaults:5 | Reached XP level 22. HP: 194/222 MP: 21/28
 54054 | Vaults:5 | Identified the +8 rapier "Xagyfip" {vorpal, Str+5}
 54788 | Vaults:5 | Got a silver rune of Zot
 54934 | Vaults:5 | Got Sif Muna's Incunable of Heat and Air
 55060 | Vaults:5 | Identified the +3 scale mail of the Monkey {rPois Str-4
                  | Dex+7}
 55076 | Vaults:5 | Identified the +2 scimitar of Qelaso {antimagic, rF+ rN+++
                  | Int+3 Stlth-}
 55085 | Vaults:5 | Identified the +0 pair of boots of the Frog {rF+}
 55282 | Vaults:5 | Received a gift from Okawaru
 55465 | Vaults:5 | Got Simple Spellweaving
 56174 | Lair:1   | Acquired 884 gold pieces
 56175 | Lair:1   | Acquired 527 gold pieces
 57373 | Elf:2    | Bought a +1 cloak of willpower for 231 gold pieces
 57979 | Depths:1 | Entered Level 1 of the Depths
 58218 | Depths:1 | Identified the +6 war axe of Defence by Offence {speed,
                  | rF+}
 58344 | Depths:1 | Received a gift from Okawaru
 58643 | Depths:1 | Found a gateway to Hell.
 59141 | Depths:2 | Found Leron's Assorted Antiques.
 59190 | Depths:2 | Found a bloodstained altar of Trog.
 59242 | Depths:2 | Found a one-way gate leading to the halls of Pandemonium.
 59258 | Depths:2 | Received a gift from Okawaru
 59279 | Depths:2 | Reached XP level 23. HP: 151/234 MP: 24/29
 59586 | Depths:2 | You fall into a shaft and drop 2 floors!
 59586 | Depths:4 | Entered Level 4 of the Depths
 59730 | Depths:4 | Found Gasell's Vocational Training.
 59829 | Depths:4 | Found a blossoming altar of Fedhas.
 60020 | Depths:4 | Received a gift from Okawaru
 60057 | Depths:4 | Identified the +10 mace "Xeot" {protect, Fly rCorr}
 60294 | Depths:3 | Noticed a juggernaut
 60316 | Depths:3 | Killed a juggernaut
 60712 | Depths:2 | Received a gift from Okawaru
 61374 | Depths:2 | Identified the +3 plate armour of the Beggar {rC+}
 61513 | Depths:3 | Got Eringya's Atlas of Mutable Filth
 61516 | Depths:3 | Identified the +5 plate armour "Ibboesuc" {rN+++ rCorr
                  | Dex-3}
 61533 | Depths:3 | Identified the ring "Lisk" {rPois rF+ rCorr}
 61613 | Depths:3 | Noticed a caustic shrike
 61628 | Depths:3 | Killed a caustic shrike
 61739 | Depths:3 | Noticed an ancient lich
 61767 | Depths:3 | Killed an ancient lich
 61942 | Depths:3 | Received a gift from Okawaru
 62180 | Depths:3 | Reached XP level 24. HP: 228/247 MP: 29/29
 62295 | Depths:3 | Identified the +0 chain mail "Yfatoeg" {Str+3}
 62474 | Depths:3 | Identified the +10 morningstar of Girir {vorpal, rCorr}
                  | (Okawaru gifted it to you on level 3 of the Depths)
 62474 | Depths:3 | Received a gift from Okawaru
 62583 | Depths:3 | Found a one-way gate to the infinite horrors of the Abyss.
 62626 | Depths:3 | Found a one-way gateway to a ziggurat.
 63159 | Depths:4 | Found a gate to the Realm of Zot.
 63246 | Zot:1    | Entered Level 1 of the Realm of Zot
 63417 | Zot:1    | Reached skill level 27 in Shields
 63432 | Zot:1    | Reached skill level 27 in Fighting
 63432 | Zot:1    | Reached skill level 27 in Armour
 64314 | Zot:2    | Identified the +1 tower shield "Tudiylao" {rElec} (Okawaru
                  | gifted it to you on level 2 of the Realm of Zot)
 64314 | Zot:2    | Received a gift from Okawaru
 65121 | Zot:3    | Found the macabre finger necklace {rN+}
 65864 | Zot:3    | Received a gift from Okawaru
 66050 | Zot:3    | Reached XP level 25. HP: 229/257 MP: 32/32
 67030 | Zot:4    | Reached skill level 15 in Invocations
 67069 | Zot:4    | Identified the ring of Xom's Ringing Laughter {Ice rN+
                  | Will+ MP+9 Int+2 Dex+3}
 67069 | Zot:4    | Noticed Josephina
 67091 | Zot:4    | Killed Josephina
 67091 | Zot:4    | Received a gift from Okawaru
 67341 | Zot:5    | Entered Level 5 of the Realm of Zot
 67771 | Zot:5    | Received a gift from Okawaru
 67811 | Zot:5    | Noticed an ancient lich
 67839 | Zot:5    | Killed an ancient lich
 67950 | Zot:5    | Received a gift from Okawaru
 67978 | Zot:5    | Noticed an ancient lich
 67996 | Zot:5    | Killed an ancient lich
 68019 | Zot:5    | Noticed a Killer Klown
 68042 | Zot:5    | Killed a Killer Klown
 68075 | Zot:5    | Noticed an orb of fire
 68077 | Zot:5    | Noticed a Killer Klown
 68083 | Zot:5    | Gained mutation: You occasionally lose the ability to drink
                  | potions when taking damage. [an orb of fire]
 68096 | Zot:5    | Gained mutation: You sometimes lose the ability to drink
                  | potions when taking damage. [an orb of fire]
 68097 | Zot:5    | Killed an orb of fire
 68097 | Zot:5    | Identified the +1 hat of the Inquisitive Teeth {*Slow Str+2
                  | SInv} (Okawaru gifted it to you on level 5 of the Realm of
                  | Zot)
 68097 | Zot:5    | Received a gift from Okawaru
 68102 | Zot:5    | Killed a Killer Klown
 68109 | Zot:5    | Noticed an orb of fire
 68116 | Zot:5    | Gained mutation: You have hidden genetic defects. [an orb
                  | of fire]
 68118 | Zot:5    | Noticed a Killer Klown
 68139 | Zot:5    | Killed an orb of fire
 68140 | Zot:5    | Reached skill level 15 in Throwing
 68140 | Zot:5    | Noticed an orb of fire
 68160 | Zot:5    | Gained mutation: Your magical capacity is low. (-10% MP)
                  | [an orb of fire]
 68167 | Zot:5    | Killed an orb of fire
 68207 | Zot:5    | Killed a Killer Klown
 68411 | Zot:5    | Noticed an orb of fire
 68431 | Zot:5    | Killed an orb of fire
 68654 | Zot:5    | Noticed an orb of fire
 68656 | Zot:5    | Noticed an orb of fire
 68659 | Zot:5    | Noticed a Killer Klown
 68666 | Zot:5    | Gained mutation: You are clumsy. (Dex -2) [an orb of fire]
 68667 | Zot:5    | Gained mutation: You are very clumsy. (Dex -4) [hidden
                  | defects]
 68676 | Zot:5    | Noticed a dread lich
 68677 | Zot:5    | Killed an orb of fire
 68685 | Zot:5    | Killed an orb of fire
 68693 | Zot:5    | Killed a Killer Klown
 68704 | Arena    | Entered the Arena
 68732 | Zot:5    | Killed a dread lich
 68750 | Zot:5    | Reached XP level 26. HP: 38/266 MP: 26/30
 69338 | Zot:5    | Got the Orb of Zot
 69526 | Depths:4 | Noticed Irhoar the pandemonium lord
 69900 | D:3      | Noticed Siat the pandemonium lord
 70097 | D:1      | Noticed Saluh the pandemonium lord
 70142 | D:$      | Escaped with the Orb!

Illustrated notes

Levels and vault maps discovered:
D:1:      dpeg_arrival_three_bigger_balls, layout_loops_corners,
          chequers_mini_garden
D:2:      layout_basic, kennysheep_cluttered_room, uniq_crazy_yiuf_cottage
D:3:      layout_rooms, minivault_26, dk_vineyard_3, uniq_terence, uniq_ijyb,
          uniq_natasha
D:4:      layout_basic, kennysheep_mini_moat, minmay_parallelograms
D:5:      layout_loops_ring, gammafunk_temple_overflow_statue,
          chequers_decorated_corner
D:6:      layout_loops_cross, mainiacjoe_overflow_24_doors,
          minmay_temple_entry_glassed_door, bh_walls_and_bars
D:7:      layout_loops_cross, enter_bailey_4
D:8:      layout_loops_ring, nicolae_uskayaw_dance_hall,
          lemuel_coloured_pillars_altar, nicolae_shop_sticking_my_neck_out,
          uniq_psyche, uniq_joseph
D:9:      layout_small_grid, dpeg_oklobed_lair
D:10:     layout_basic, mainiacjoe_overflow_surrounded_room,
          chequers_temple_overflow_minitemple, serial_shops,
          nicolae_shop_temple_entry_statues_fountains,
          nicolae_trove_entry_diagonal, bh_hangedman_babel_library
D:11:     layout_grid_maze
D:12:     layout_gridville, hiddenorc1_lemuel, minmay_shop_chei, uniq_nergalle,
          uniq_kirke
D:13:     gammafunk_mikee_crab_dinner, layout_rooms
D:14:     layout_layer_cave, david_vaults_4, okawaru_ov_weapons_minmay,
          minmay_door_square
D:15:     gammafunk_depths_entry_grave, layout_loops_corners,
          minmay_misc_feat_roman, minmay_misc_feat_encased
Temple:   hellmonk_temple_two_chambers
Lair:1:   layout_regular_city, gauntlet_entry_generic
Lair:2:   layout_regular_city, elwin_shoals_entry_rooms,
          spider_nest_entry_rubble, nzn_sisyphean_effort
Lair:3:   layout_loops_ring, st_stairs_4, amcnicky_mini_pool_medium, uniq_nessos
Lair:4:   layout_misc_corridors, worms_lemuel, grunt_megastairs_2,
          infiniplex_staircase_pool_2
Lair:5:   gammafunk_lair_ancient_temple, layout_concentric_octagons,
          slime_entry_1, infiniplex_staircase_pool
Shoals:1: layout_shoals
Shoals:2: layout_shoals, nicolae_shoals_spectral_cove
Shoals:3: layout_shoals, uniq_polyphemus
Shoals:4: shoals_end_hellmonk_lost_city
Spider:1: layout_spider_delve
Spider:2: layout_chambers, uniq_arachne, uniq_louise
Spider:3: layout_spider_delve
Spider:4: spider_rune_water, drop_trap
Orc:1:    layout_diamond_mine, special_room [special_room_orc], serial_shops,
          shop, nicolae_diamond_shop, shop, shop, shop, guppyfry_orc_lava_fort
Orc:2:    st_orc_mages, layout_caves
Elf:1:    nicolae_elf_arrival_aired_out, layout_loops_ring,
          minmay_elf_annihilation, minmay_shoptagon
Elf:2:    elven_hall_of_blades_hangedman_original
          [nicolae_blade_entry_pointy_end], layout_geoelf_grid, special_room
          [special_room_orc], serial_shops,
          nicolae_shop_competitors_out_of_business
Elf:3:    minmay_elf_hall_not_hex, layout_geoelf_grid, serial_shops,
          shop_statue, uniq_asterion, uniq_bai_suzhen
Vaults:1: vaults_room_grunt_arrival_checkpoint, hangedman_vaults_impose,
          v_alt_pattern_3, v_misc_5, v_misc_4, vaults_room_pools,
          nicolae_vaults_shelves_hall, layout_vaults_quadrants
Vaults:2: hangedman_vaults_locks, nicolae_vaults_know_your_exits,
          vaults_mumra_minichess_inversion, vaults_room_fours,
          grunt_vaults_funnel, hangedman_vaults_impose, v_misc_12, v_misc_23,
          vaults_room_pools, hangedman_vaults_capsules, vaults_dpeg_hooks,
          layout_vaults_big_room, uniq_jory
Vaults:3: grunt_vaults_hallway_short, v_pattern_5, door_vault,
          grunt_vaults_bifocal, minmay_crypt_entry_simple_sparse,
          hangedman_vaults_cutoff, ontoclasm_vaults_hangar, v_misc_14,
          grunt_vaults_diagonal, vaults_room_large_hall, ontoclasm_vaults_chip,
          ontoclasm_vaults_spin, vaults_dpeg_encased_lava,
          ontoclasm_vaults_ligature, nicolae_vaults_mini_display_case,
          layout_vaults_ring
Vaults:4: v_rooms_2, v_pattern_2, st_greater_box_5, nicolae_vaults_network_star,
          v_alt_pattern_6, nicolae_vaults_little_squares_5, v_alt_pattern_4,
          hangedman_vaults_stagger, layout_vaults_maze
Vaults:5: serial_shops, uniq_sojobo
Crypt:1:  layout_chaotic_city, grunt_megastairs_3
Depths:1: layout_roguey, hell_entry, chequers_serial_rivers_large_a,
          st_stairs_2, kennysheep_generic_room_15
Depths:2: minmay_outward_triangles, layout_basic, pan_entry, grunt_hell_horde,
          bloody_trog, serial_shops, nicolae_stop_n_shop_2,
          kennysheep_random_hallway, infiniplex_staircase_pool_1
Depths:3: minmay_the_grid_square_5x5_5x5
          [minmay_the_grid_square_5x5_spiral_small,
          minmay_the_grid_square_5x5_z,
          minmay_the_grid_square_5x5_sharp_hourglass,
          minmay_the_grid_square_5x5_v, minmay_the_grid_square_5x5_plus,
          minmay_the_grid_square_5x5_detours,
          minmay_the_grid_square_5x5_prize_monsterx,
          minmay_the_grid_square_5x5_eight,
          minmay_the_grid_square_5x5_prize_waves,
          minmay_the_grid_square_5x5_broken_cross, minmay_the_grid_square_5x5_c,
          minmay_the_grid_square_5x5_checkered,
          minmay_the_grid_square_5x5_prize_snowflake,
          minmay_the_grid_square_5x5_two_walls_b,
          minmay_the_grid_square_5x5_minivault,
          minmay_the_grid_square_5x5_one_wall,
          minmay_the_grid_square_5x5_prize_open,
          minmay_the_grid_square_5x5_n_small,
          minmay_the_grid_square_5x5_prize_pseudospiral,
          minmay_the_grid_square_5x5_bridge, minmay_the_grid_square_5x5_three,
          minmay_the_grid_square_5x5_pentomino_r,
          minmay_the_grid_square_5x5_three_walls,
          minmay_the_grid_square_5x5_six_small,
          minmay_the_grid_square_5x5_bite], layout_honeycomb, enter_ziggurat_b,
          abyss_entry_crystal, nrook_mini_backslash, hell_entry
Depths:4: grunt_zot_entry_hairpin, layout_basic, fedhas_altar_1, hell_entry,
          nicolae_shop_vocational, serial_bayou_shore_a
Zot:1:    layout_concentric_octagons
Zot:2:    layout_gridville, lemuel_baited_zot_trap
Zot:3:    layout_misc_corridors, grunt_megastairs_5
Zot:4:    kennysheep_spiral_hall, layout_misc_corridors, uniq_josephina
Zot:5:    layout_gridlike

Skill      XL: |  1  2  3  4  5  6  7  8  9 10 11 12 13 14 15 16 17 18 19 20 21 22 23 24 25 |
---------------+----------------------------------------------------------------------------+-----
Axes           | 3 4 5 6 7 9 11 13 14 16 18 | 18.0
Fighting       | 4 5 6 7 8 9 11 12 13 14 15 17 18 19 21 22 24 25 26 27 | 27.0
Armour         | 4 5 6 7 8 9 11 12 13 14 15 17 18 19 21 22 24 25 26 27 | 27.0
Shields        | 4 5 6 7 8 9 11 12 13 14 15 17 18 19 21 22 24 25 26 27 | 27.0
Invocations    | 1 4 5 7 8 9 10 13 16 | 16.0
Throwing       | 2 5 7 10 13 17 | 17.8
Maces & Flails | 5 7 |  7.8

Action                   |  1- 3 |  4- 6 |  7- 9 | 10-12 | 13-15 | 16-18 | 19-21 | 22-24 | 25-27 || total
-------------------------+-------+-------+-------+-------+-------+-------+-------+-------+-------++-------
Melee: War axe           |    63 |       |       |       |       |       |  1096 |  1804 |   646 ||  3609
       Headbutt          |     3 |     5 |    10 |    58 |   179 |   397 |   417 |   642 |   201 ||  1912
       Shillelagh        |     3 |    47 |   108 |   317 |   744 |       |       |       |       ||  1219
       Broad axe         |       |       |       |       |    64 |  1506 |   202 |       |       ||  1772
Throw: Boomerang         |       |     1 |       |     6 |   142 |    60 |     9 |    11 |     2 ||   231
       Dart              |       |       |       |    28 |    13 |    75 |       |       |       ||   116
       Javelin           |       |       |       |       |       |       |     1 |    10 |       ||    11
       Throwing net      |       |       |       |       |       |       |       |       |     5 ||     5
Invok: Heroism           |       |       |     3 |    17 |    32 |    36 |    23 |    50 |    12 ||   173
       Finesse           |       |       |       |     4 |     7 |    19 |    12 |    26 |    13 ||    81
       Duel              |       |       |       |       |       |       |       |       |     1 ||     1
Evoke: Wand              |       |       |       |       |       |       |       |       |     5 ||     5
  Use: Potion            |       |     1 |       |     2 |     6 |     2 |     7 |     9 |     9 ||    36
       Scroll            |       |       |     9 |     7 |    15 |    11 |     6 |    10 |     6 ||    64
 Stab: Invisible         |       |       |       |     3 |       |       |       |       |       ||     3
Armor: Scale mail        |    33 |    23 |    41 |       |       |       |       |       |       ||    97
       Plate armour      |       |       |       |   137 |   307 |   546 |    53 |       |       ||  1043
       Skin              |       |       |       |    17 |       |       |       |       |       ||    17
       Crystal plate arm |       |       |       |       |       |       |   461 |   635 |   207 ||  1303
Dodge: Dodged            |    28 |    23 |    28 |    89 |   280 |   283 |   183 |   239 |    69 ||  1222
       Repelled          |       |       |       |       |     8 |    21 |    10 |    18 |     1 ||    58
Block: Buckler           |    16 |    13 |    18 |    74 |   234 |       |       |       |       ||   355
       Tower shield      |       |       |       |       |   165 |  1363 |  1046 |  1279 |   384 ||  4237
